 Dungeon Crawl Stone Soup version 0.29-a0-352-g0917bc69df (webtiles) character file.

Game seed: 9006514541637127236

228 kevlar127 the Ruffian (level 5, -3/54 HPs)
             Began as a Troll Berserker on Apr 23, 2022.
             Was a Believer of Trog.
             Splashed by a jelly's acid (6 damage)
             ... on level 6 of the Dungeon.
             The game lasted 00:03:30 (1677 turns).

kevlar127 the Ruffian (Troll Berserker)             Turns: 1677, Time: 00:03:30

Health: -3/54      AC: -4    Str: 27    XL:     5   Next: 70%
Magic:  4/4        EV: 10    Int:  3    God:    Trog [**....]
Gold:   101        SH:  0    Dex:  9    Spells: 4/4 levels left

rFire   + . .      SeeInvis .     - Unarmed
rCold   . . .      Faith    .   (no shield)
rNeg    . . .      Spirit   .   a - +0 animal skin
rPois   +          Reflect  .   (helmet restricted)
rElec   .          Harm     .   (no cloak)
rCorr   .          Rampage  .   (gloves unavailable)
Will    ++...                   (boots unavailable)
Stlth   +.........              g - amulet of magic regeneration
HPRegen 1.98/turn               d - ring of poison resistance
MPRegen 0.49/turn               h - ring of protection from fire

@: strong-willed (expiring), corroded, regenerating (expiring)
A: large, unfitting armour, claws 3, regeneration 1, shaggy fur 1, tough skin 1
a: Renounce Religion, Berserk, Trog's Hand


You were on level 6 of the Dungeon.
You worshipped Trog.
Trog was pleased with you.
You visited 1 branch of the dungeon, and saw 4 of its levels.

You collected 101 gold pieces.

Inventory:

Missiles
 i - 2 curare-tipped darts (quivered)
 j - 33 stones
Armour
 a - a +0 animal skin (worn)
Jewellery
 d - a ring of poison resistance (left claw)
 g - an amulet of magic regeneration (around neck)
 h - a ring of protection from fire (right claw)
Wands
 m - a wand of digging (4)
Scrolls
 b - 2 scrolls of identify {unknown}
 c - a scroll of vulnerability {unknown}
 e - a scroll of teleportation {unknown}
 k - a scroll of noise {unknown}
 l - a scroll of fear {unknown}
 n - a scroll of immolation {unknown}
 o - a scroll of enchant armour {unknown}
Potions
 f - a potion of haste {unknown}
 p - a potion of mutation {unknown}


   Skills:
 + Level 4.1 Fighting
 - Level 2.6 Dodging
 + Level 4.9 Unarmed Combat


You had 4 spell levels left.
You didn't know any spells.
Your spell library was empty.

Dungeon Overview and Level Annotations

Branches:
Dungeon (3/15)

Altars:

Annotations:
D:3 1 runed translucent door, Crazy Yiuf


Innate Abilities, Weirdness & Mutations

You are too large for most types of armour.
You have claws for hands.
Your natural rate of healing is unusually fast.
You are covered in fur. (AC +1)
You have tough skin. (AC +1)


Message History

You closely miss the orc. The orc hits you with a +0 hand axe.
You closely miss the orc. The orc barely misses you.
You claw the orc!
You kill the orc!
Trog accepts your kill.
The orc throws a boomerang.
The boomerang hits you but does no damage.
You claw the orc!
You kill the orc!
Trog accepts your kill.
The centaur wields a +0 shortbow.
The centaur shoots an arrow.
The arrow hits you.
You claw the ogre!
The ogre is severely wounded.
The ogre hits you with a +0 giant spiked club!!
* * * LOW HITPOINT WARNING * * *
You claw the ogre!
You kill the ogre!
Trog accepts your kill.
The centaur shoots an arrow.
The arrow barely misses you.
The orc throws a boomerang.
The boomerang hits you but does no damage.
Your Fighting skill increases to level 4!
The jelly attacks as you move away! The jelly hits you but does no damage.
You claw the jelly!
Your claws burn!
* * * LOW HITPOINT WARNING * * *
The jelly is heavily wounded.
The jelly hits you but does no damage.
You claw the jelly! The acid corrodes you!
Your claws burn!
* * * LOW HITPOINT WARNING * * *
The jelly is almost dead.
You feel the effects of Trog's Hand fading.
The centaur unwields a +0 shortbow.
The centaur hits you!
* * * LOW HITPOINT WARNING * * *
The centaur kicks you.
* * * LOW HITPOINT WARNING * * *
The jelly hits you.
* * * LOW HITPOINT WARNING * * *
The acid corrodes you!
You are splashed with acid.
You die...

.# .###..# #.# .
#.!..... ... #.
.##..... ...
#.###....##.# .{#
#..#..##.##.##..#
#..............#
#..###.##....#
#.@Jo){......#
#..c##.#####.#
###.##.# #.##.#
#.##.. #.#### ...
...


You could see a centaur, a jelly and an orc.

Vanquished Creatures
  An ogre (D:6)
  Natasha (thrice) (D:2)
  2 adders (D:2)
  2 dart slugs (D:2)
  3 orcs (D:6)
  3 bats
  2 endoplasms (D:1)
  4 giant cockroaches
  4 goblins
  3 hobgoblins (D:1)
  3 jackals (D:1)
  6 kobolds
  3 quokkas
  4 ball pythons
  A frilled lizard (D:1)
  5 rats
49 creatures vanquished.

Notes
Turn   | Place    | Note
-------+----------+-------------------------------------------
     0 | D:1      | kevlar127 the Troll Berserker began the quest for the Orb.
     0 | D:1      | Reached XP level 1. HP: 22/22 MP: 0/0
   121 | D:1      | Reached XP level 2. HP: 29/29 MP: 1/1
   125 | D:1      | Found a faded altar of an unknown god.
   408 | D:1      | Reached ** piety under Trog
  1082 | D:2      | Reached XP level 3. HP: 36/36 MP: 2/2
  1097 | D:2      | Noticed Natasha
  1103 | D:2      | Killed Natasha
  1198 | D:2      | Reached XP level 4. HP: 45/45 MP: 3/3
  1206 | D:2      | Noticed Natasha
  1211 | D:2      | Killed Natasha
  1495 | D:2      | Noticed Natasha
  1505 | D:2      | Killed Natasha
  1534 | D:2      | Reached XP level 5. HP: 50/54 MP: 4/4
  1652 | D:3      | Found a runed translucent door.
  1653 | D:3      | Noticed Crazy Yiuf
  1655 | D:3      | You fall into a shaft and drop 3 floors!
  1655 | D:6      | Noticed an ogre
  1655 | D:6      | Noticed a centaur
  1659 | D:6      | Noticed a sky beast
  1673 | D:6      | Killed an ogre
  1677 | D:6      | Splashed by a jelly's acid

Illustrated notes

Levels and vault maps discovered:
D:1:      minmay_arrival_four_loops, layout_loops_corners,
          ebering_ecumenical_altar_abandoned
D:2:      layout_loops_ring, uniq_natasha
D:3:      minmay_octagon_keep, layout_loops_ring, uniq_crazy_yiuf_cottage
D:6:      layout_loops_ring, uniq_prince_ribbit1, uniq_edmund

Skill      XL: |  1  2  3  4  5 |
---------------+----------------+-----
Fighting       | 3 4 |  4.1
Unarmed Combat | 4 |  4.9
Dodging        | |  2.6

Action                   |  1- 3 |  4- 6 || total
-------------------------+-------+-------++-------
Melee: Unarmed           |    66 |    51 ||   117
       Punch             |     1 |       ||     1
Invok: Trog's Hand       |       |     1 ||     1
 Stab: Sleeping          |     1 |       ||     1
Armor: Animal skin       |    25 |    17 ||    42
Dodge: Dodged            |    39 |    29 ||    68

Table legend: (Time is in decaauts)
 A = Elapsed time spent in this place.
 B = Non-inter-level travel time spent in this place.
 C = Inter-level travel time spent in this place.
 D = Time resting spent in this place.
 E = Time spent auto-exploring this place.
 F = Levels seen in this place.
 G = Mean time per level.
                   A        B        C        D        E       F      G
               +--------+--------+--------+--------+--------+-----+--------+
         Total |   1666 |   1551 |    115 |      0 |   1256 |   4 |  416.5 |
       Dungeon |   1666 |   1551 |    115 |      0 |   1256 |   4 |  416.5 |
               +--------+--------+--------+--------+--------+-----+--------+

Top non-repeatable levels by time:
     D:1: 982 daAuts
     D:2: 633 daAuts
     D:3: 29 daAuts
     D:6: 20 daAuts
